 Dungeon Crawl Stone Soup version 0.22-a0-305-gd21a89c (webtiles) character file.

401 vishdafish the Skirmisher (level 6, -12/48 HPs)
             Began as a Demonspawn Fighter on Mar 30, 2018.
             Mangled by Menkaure (18 damage)
             ... on level 4 of the Dungeon.
             The game lasted 00:03:43 (3819 turns).

vishdafish the Skirmisher (Demonspawn Fighter)      Turns: 3819, Time: 00:03:43

Health: -12/48     AC: 10    Str: 21    XL:     6   Next: 54%
Magic:  6/6        EV:  8    Int: 12    God:
Gold:   149        SH:  9    Dex: 12    Spells: 5/5 levels left

rFire    + . .     SeeInvis .   a - +0 long sword
rCold    . . .     Gourm    .   c - +0 shield
rNeg     . . .     Faith    .   b - +0 scale mail
rPois    .         Spirit   .   g - +0 helmet
rElec    .         Reflect  .   (no cloak)
rCorr    .         Harm     .   (no gloves)
MR       .....                  (no boots)
Stlth    ..........             (no amulet)
HPRegen  0.16/turn              w - ring of protection from fire
MPRegen  0.10/turn              (no ring)

@: mighty
A: talons 2, thin metallic scales 1, foul stench 1, rot immunity
a: no special abilities


You were on level 4 of the Dungeon.
You were not hungry.

You visited 1 branch of the dungeon, and saw 4 of its levels.

You collected 149 gold pieces.

Inventory:

Hand Weapons
 a - a +0 long sword (weapon)
Armour
 b - a +0 scale mail (worn)
 c - a +0 shield (worn)
 g - a +0 helmet (worn)
Jewellery
 w - a ring of protection from fire (left hand)
Wands
 v - a wand of flame (15)
Scrolls
 i - 2 scrolls of remove curse
 k - a scroll of teleportation {unknown}
 l - 3 scrolls of enchant armour {unknown}
 o - a scroll of magic mapping {unknown}
 q - 2 scrolls of blinking {unknown}
 r - a scroll of random uselessness {unknown}
 t - 2 scrolls of enchant weapon {unknown}
 u - 2 scrolls of identify
Potions
 e - 2 potions of curing
 h - a potion of invisibility {unknown}
 j - 2 potions of cancellation
 m - a potion of heal wounds
 n - 2 potions of agility
 p - a potion of brilliance
 s - a potion of lignification {unknown}
Comestibles
 f - 4 rations


   Skills:
 + Level 4.0 Fighting
 * Level 3.9 Long Blades
 + Level 3.9 Armour
 + Level 1.0 Dodging
 - Level 0.5 Stealth
 + Level 3.9 Shields


You had 5 spell levels left.
You didn't know any spells.

Dungeon Overview and Level Annotations

Branches:
Dungeon (4/15)
 Temple: D:4-7

Altars:

Annotations:
D:4 Menkaure


Innate Abilities, Weirdness & Mutations

You have razor-sharp toenails.
You are partially covered in thin metallic scales. (AC +2)
You may emit foul miasma when damaged in melee.
You are immune to rotting.


Message History

Menkaure is moderately damaged.
Menkaure calls on the powers of darkness!
Your body is wracked with pain!
The hound convulses!
The gnoll convulses! x3
You block the gnoll's attack.
Menkaure calls on the powers of darkness!
Your body is wracked with pain!
* * * LOW HITPOINT WARNING * * *
The hound convulses!
The gnoll convulses! x4
You hit Menkaure.
Menkaure is heavily damaged.
The hound bites you.
* * * LOW HITPOINT WARNING * * *
The hound looks sick.
The gnoll barely misses you.
Menkaure calls on the powers of darkness!
Your body is wracked with pain!
* * * LOW HITPOINT WARNING * * *
The hound convulses!
The gnoll convulses! x4
The hound bites you but does no damage. The gnoll hits you but does no damage.
Menkaure hits you!!
You die...

#.#####.#.####....#
#......###.>......#
#.......#...###...#
#.######..#.# #..##
##.#)# #..# #.#.#
#..# #.#.###..#
#.#......##
.........@M#
.#.#...##.hg.gg...
....#.....g####..
###...###..# ..(#
#..# ###. #..# ..
#..# #..#


You could see Menkaure, a hound and 4 gnolls.

Vanquished Creatures
  Edmund (D:4)
  2 orc priests (D:4)
  4 orc wizards
  3 adders (D:2)
  An adder skeleton (D:2)
  4 worms (D:2)
  5 dart slugs
  11 orcs
  2 ball pythons
  A giant cockroach (D:2)
  5 goblins
  5 hobgoblins
  3 jackals
  A quokka (D:2)
  4 bats
  4 frilled lizards
  5 kobolds
  12 rats
73 creatures vanquished.

Notes
Turn   | Place    | Note
-------+----------+-------------------------------------------
     0 | D:1      | vishdafish the Demonspawn Fighter began the quest for the Orb.
     0 | D:1      | Reached XP level 1. HP: 18/18 MP: 1/1
   410 | D:1      | Gained mutation: You have sharp toenails. [demonic ancestry]
   410 | D:1      | Reached XP level 2. HP: 18/24 MP: 2/2
  1399 | D:2      | Gained mutation: You are immune to rotting. [demonic ancestry]
  1399 | D:2      | Reached XP level 3. HP: 23/29 MP: 3/3
  1612 | D:2      | Gained mutation: You have razor-sharp toenails. [demonic ancestry]
  1612 | D:2      | Reached XP level 4. HP: 23/35 MP: 4/4
  2866 | D:3      | Gained mutation: You are partially covered in thin metallic scales. (AC +2) [demonic ancestry]
  2866 | D:3      | Reached XP level 5. HP: 36/42 MP: 5/5
  3398 | D:4      | Noticed Edmund
  3549 | D:4      | Killed Edmund
  3549 | D:4      | Reached skill level 4 in Fighting
  3549 | D:4      | Gained mutation: You may emit foul miasma when damaged in melee. [demonic ancestry]
  3549 | D:4      | Reached XP level 6. HP: 32/48 MP: 6/6
  3596 | D:4      | Reached skill level 1 in Dodging
  3811 | D:4      | Noticed Menkaure
  3819 | D:4      | Mangled by Menkaure

Vault maps used:
D:1:      dpeg_arrival_simpleton_b, interstate_on_off, minmay_misc_feat_x
D:2:      first_ration, st_stairs_11
D:3:      hex_large, wad_floor_pattern_1
D:4:      kennysheep_mini_moat, uniq_edmund, uniq_menkaure

Skill      XL: |  1  2  3  4  5  6 |
---------------+-------------------+-----
Shields        | 3 |  3.9
Long Blades    | 2 3 |  3.9
Armour         | 3 |  3.9
Fighting       | 4 |  4.0
Dodging        | 1 |  1.0
Stealth        | |  0.5

Action                   |  1- 3 |  4- 6 || total
-------------------------+-------+-------++-------
Melee: Long sword        |    85 |   155 ||   240
       Kick              |    15 |    45 ||    60
  Use: Potion            |       |     4 ||     4
       Scroll            |       |     6 ||     6
  Eat: Chunk             |     1 |     5 ||     6
       Ration            |       |     1 ||     1
Armor: Scale mail        |    48 |    57 ||   105
Dodge: Dodged            |    18 |    49 ||    67
Block: Shield            |    34 |    69 ||   103
       Rpst.: Long sword |     8 |    19 ||    27

Table legend:
 A = Spawn XP
 B = Non-spawn XP
 C = Spawn XP percentage of total XP
 D = Spawn monster count
 E = Non-spawn monster count
 F = Spawn count percentage of total count
 G = Total turns spent on level
                    A         B        C        D         E        F      G
               +---------+---------+-------+---------+---------+-------+---------
         Total |       0 |     574 |   0.0 |       0 |      73 |   0.0 |  3819
               +---------+---------+-------+---------+---------+-------+---------
           D:1 |       0 |      33 |   0.0 |       0 |      18 |   0.0 |  1363
           D:2 |       0 |      98 |   0.0 |       0 |      26 |   0.0 |   865
           D:3 |       0 |     145 |   0.0 |       0 |      19 |   0.0 |  1268
           D:4 |       0 |     298 |   0.0 |       0 |      10 |   0.0 |   323
               +---------+---------+-------+---------+---------+-------+---------
